 Dungeon Crawl Stone Soup version 0.24.1 (webtiles) character file.

Game seed: 6677519242223250805, levelgen mode: deterministic

44 Destapler the Conjurer (level 3, -2/28 HPs)
             Began as a Draconian Conjurer on Mar 29, 2020.
             Slain by Terence
             ... wielding a +0 morningstar
              (12 damage)
             ... on level 2 of the Dungeon.
             The game lasted 00:06:05 (1352 turns).

Destapler the Conjurer (Draconian Conjurer)         Turns: 1352, Time: 00:06:05

Health: -2/28      AC:  1    Str: 10    XL:     3   Next: 39%
Magic:  0/6        EV: 12    Int: 16    God:
Gold:   40         SH:  0    Dex: 11    Spells: 5/6 levels left

rFire    . . .     SeeInvis .   f - +0 whip
rCold    . . .     Gourm    .   (no shield)
rNeg     . . .     Faith    .   (armour unavailable)
rPois    .         Spirit   .   (helmet restricted)
rElec    .         Reflect  .   (no cloak)
rCorr    .         Harm     .   (no gloves)
MR       .....                  (no boots)
Stlth    ++........             (no amulet)
HPRegen  0.09/turn              j - -4 ring of protection (curse)
MPRegen  0.10/turn              (no ring)

@: no status effects
A: unfitting armour, cold-blooded, AC +5
a: no special abilities


You were on level 2 of the Dungeon.
You were not hungry.

You visited 1 branch of the dungeon, and saw 2 of its levels.

You collected 40 gold pieces.

Inventory:

Hand Weapons
 f - a +0 whip (weapon)
Missiles
 e - 26 stones
 g - 22 poisoned darts (quivered)
Jewellery
 j - a cursed -4 ring of protection (left hand)
Scrolls
 c - 3 scrolls of teleportation
 d - a scroll of amnesia
Comestibles
 b - 4 rations
 h - 3 chunks of flesh


   Skills:
 + Level 1.6 Fighting
 + Level 1.0 Maces & Flails
 - Level 2.0 Dodging
 - Level 2.1 Stealth
 + Level 2.3 Spellcasting
 + Level 4.2 Conjurations


You had 5 spell levels left.
You knew the following spells:

 Your Spells              Type           Power        Failure   Level  Hunger
a - Magic Dart            Conj           ###.         3%          1    #......

Your spell library contained the following spells:

 Spells                   Type           Power        Failure   Level  Hunger
 Searing Ray              Conj           ###...       5%          2    ###....
 Dazzling Spray           Conj/Hex       #.....       26%         3    ###....
 Iskenderun's Mystic Bla  Conj           ###.....     34%         4    #####..
 Force Lance              Conj/Tloc      #.......     63%         4    #####..
 Fulminant Prism          Conj/Hex       #.........   63%         4    #####..


Dungeon Overview and Level Annotations

Branches:
Dungeon (2/15)

Altars:

Annotations:
D:2 Terence


Innate Abilities, Weirdness & Mutations

Your plain brown scales are hard. (AC +5)
You cannot fit into any form of body armour.
You are cold-blooded and may be slowed by cold attacks.


Message History

Press: ? - help, Shift-Dir - straight line, f/p - Terence
Aim: Terence, wielding a +0 morningstar and wearing a +0 chain mail (moderately wounded)
The magic dart hits Terence but does no damage.
Terence is moderately wounded.
Casting: Magic Dart (safe; 3% risk of failure)
Confirm with . or Enter, or press ? or * to list all spells.
Aiming: Magic Dart (safe; 3% risk of failure)
Press: ? - help, Shift-Dir - straight line, f/p - Terence
Aim: Terence, wielding a +0 morningstar and wearing a +0 chain mail (moderately wounded)
The magic dart hits Terence but does no damage.
Terence is moderately wounded.
Terence hits you with a +0 morningstar.
You barely miss Terence.
Your tail-slap misses Terence.
Terence is moderately wounded.
Terence hits you with a +0 morningstar!
* * * LOW HITPOINT WARNING * * *
You closely miss Terence.
Terence is moderately wounded.
Terence hits you with a +0 morningstar!
You die...

#%..##...##
....<....####
...........
........# ......#
.......# #.(..>...
.....# #.......##
#@..# #.........
#@#######.....#..
#.##............#
#.##..........#.#
#.##..........#.##
#..#.÷........#...
##...##........##.
###<.#.######)#..
##...# #.... ##.##
###÷#


You could see Terence.

Vanquished Creatures
  2 adders (D:2)
  An ooze (D:2)
  2 leopard geckos
  A bat (D:1)
  2 giant cockroaches (D:1)
  4 kobolds
  A quokka (D:2)
  2 frilled lizards
  2 goblins (D:2)
  4 rats
21 creatures vanquished.

Notes
Turn   | Place    | Note
-------+----------+-------------------------------------------
     0 | D:1      | Destapler the Draconian Conjurer began the quest for the
                  | Orb.
     0 | D:1      | Reached XP level 1. HP: 14/14 MP: 3/3
   735 | D:1      | Reached XP level 2. HP: 22/22 MP: 0/5
   918 | D:1      | Reached skill level 1 in Fighting
  1179 | D:2      | Reached XP level 3. HP: 10/28 MP: 0/6
  1303 | D:2      | Reached skill level 1 in Maces & Flails
  1343 | D:2      | Noticed Terence
  1352 | D:2      | Slain by Terence

Levels and vault maps discovered:
D:1:      ebering_trefoil_3fold, layout_loops_ring, minmay_misc_feat_rugged
D:2:      layout_rooms, nicolae_dithmenos_shadow_blocks,
          kennysheep_cluttered_room, uniq_terence, uniq_crazy_yiuf_cottage

Skill      XL: |  1  2  3 |
---------------+----------+-----
Stealth        | 2 |  2.1
Dodging        | 2 |  2.0
Fighting       | 1 |  1.6
Maces & Flails | 1 |  1.0
Spellcasting   | |  2.3
Conjurations   | |  4.2

Action                   || total
-------------------------++-------
Melee: Unarmed           ||    17
       Whip              ||    33
       Tailslap          ||     5
Throw: Stone             ||     5
       Dart              ||    11
 Cast: Magic Dart        ||    40
  Use: Scroll            ||     3
       Potion            ||     1
 Stab: Invisible         ||     1
  Eat: Chunk             ||     2
Armor: Skin              ||    13
Dodge: Dodged            ||    43
